 Dungeon Crawl Stone Soup version 0.28-a0-1190-g77e1c55843 (webtiles) character file.

Game seed: 7859552407629991043

1 emperorscorpion the Chopper (level 1, -8/23 HPs)
             Began as a Gnoll Chaos Knight on Dec 18, 2021.
             Was a Plaything of Xom.
             Mangled by a polar bear (shapeshifter) (17 damage)
             ... on level 1 of the Dungeon.
             The game lasted 00:00:16 (40 turns).

emperorscorpion the Chopper (Gnoll Chaos Knight)      Turns: 40, Time: 00:00:17

Health: -8/23      AC:  5    Str: 11    XL:     1   Next: 20%
Magic:  1/1        EV: 11    Int: 11    God:    Xom [..*...]
Gold:   0          SH:  0    Dex: 11    Spells: 0/0 levels left

rFire   . . .      SeeInvis .   a - +0 hand axe (chaos)
rCold   . . .      Faith    .   (no shield)
rNeg    . . .      Spirit   .   b - +2 leather armour
rPois   .          Reflect  .   (no helmet)
rElec   .          Harm     .   (no cloak)
rCorr   .          Rampage  .   (no gloves)
Will    .....                   (no boots)
Stlth   +.........              (no amulet)
HPRegen 0.07/turn               (no ring)
MPRegen 0.07/turn               (no ring)

@: no status effects
A: fangs 1, strong nose, distributed training
a: Renounce Religion


You were on level 1 of the Dungeon.
You worshipped Xom.
You were a toy of Xom.
You visited 1 branch of the dungeon, and saw 1 of its levels.

Inventory:

Hand Weapons
 a - a +0 hand axe of chaos (weapon)
Armour
 b - a +2 leather armour (worn)


   Skills:
 + Level 6.4 Fighting
 + Level 0.0 Short Blades
 + Level 0.0 Long Blades
 + Level 6.4 Axes
 + Level 0.0 Maces & Flails
 + Level 0.0 Polearms
 + Level 0.0 Staves
 + Level 0.0 Slings
 + Level 0.0 Bows
 + Level 0.0 Crossbows
 + Level 0.0 Throwing
 + Level 4.4 Armour
 + Level 2.3 Dodging
 + Level 0.0 Stealth
 + Level 0.0 Shields
 + Level 0.0 Unarmed Combat
 + Level 0.0 Spellcasting
 + Level 0.0 Conjurations
 + Level 0.0 Hexes
 + Level 0.0 Summonings
 + Level 0.0 Necromancy
 + Level 0.0 Translocations
 + Level 0.0 Transmutations
 + Level 0.0 Fire Magic
 + Level 0.0 Ice Magic
 + Level 0.0 Air Magic
 + Level 0.0 Earth Magic
 + Level 0.0 Poison Magic
 + Level 0.0 Invocations
 + Level 0.0 Evocations


You couldn't memorise any spells.
You didn't know any spells.
Your spell library was empty.

Dungeon Overview and Level Annotations

Branches:
Dungeon (1/15)

Altars:


Innate Abilities, Weirdness & Mutations

You have very sharp teeth.
Your uncanny sense of smell can sniff out nearby items.
Your experience applies equally to all skills.


Message History

You feel drawn to the Orb of Zot, downwards into the unfathomable depths...
Xom says: A new plaything!
Press ? for a list of commands and other information.
Found a staircase leading out of the dungeon.
Found a stone staircase leading down.
There is a stone staircase leading down here.
Found a stone staircase leading down.
There is a stone staircase leading down here.
A quokka and an endoplasm come into view.
The endoplasm quivers. "How about this?"
A monocle briefly appears over your left eye.
There are monsters nearby!
The quokka twitches its whiskers.
The quokka bites you but does no damage.
You hit the quokka.
The quokka changes into a shapeshifter!
Xom thinks this is hilarious!
The shapeshifter is moderately wounded.
The shapeshifter changes into a harpy!
You hit the harpy.
The harpy is lightly wounded.
The harpy changes into a polar bear!
You hit the polar bear.
The polar bear seems to grow stronger.
Your bite misses the polar bear.
The polar bear is lightly wounded.
You hit the endoplasm. The endoplasm hits you.
The polar bear barely misses you. The polar bear claws you. x2
You hit the endoplasm. You freeze the endoplasm.
You kill the endoplasm!
You hit the polar bear.
The polar bear easily resists.
The polar bear misses you. The polar bear claws you. x2
You are too injured to fight recklessly!
Unknown command.
You aren't carrying any scrolls.
You hit the polar bear.
The polar bear is lightly wounded.
The polar bear bites you!
Ouch! That really hurt!
You die...
Xom howls with laughter!

∆... ###.##.## ...###
#...#...#
.....#####.###.#..
#.........#####.#
#.#.##..>#.###.##
#......####.#.##
##..#..## ##.##
#.######...#.###.#.##
#...h@.....##.#.#.#.#
######.#####
#.#.<.#.# #..#
#.#.#.#.#. #..##
#.###.#.### .J.# #.#
##.## ...# .. #.#
..#. #. .##


You could see a polar bear shaped shifter (strong).

Vanquished Creatures
  An endoplasm (D:1)
1 creature vanquished.

Notes
Turn   | Place    | Note
-------+----------+-------------------------------------------
     0 | D:1      | emperorscorpion the Gnoll Chaos Knight began the quest for
                  | the Orb.
     0 | D:1      | Reached XP level 1. HP: 23/23 MP: 1/1
    32 | D:1      | XOM: silly message
    36 | D:1      | Noticed a shapeshifter
    36 | D:1      | a quokka changed into a shapeshifter
    36 | D:1      | Noticed a harpy
    36 | D:1      | a shapeshifter changed into a harpy
    37 | D:1      | Noticed a polar bear
    37 | D:1      | a harpy changed into a polar bear
    40 | D:1      | Mangled by a polar bear (shapeshifter)

Illustrated notes

Levels and vault maps discovered:
D:1:      minmay_arrival_diagonal_passages, layout_rooms,
          shapermc_ecumenical_altar_acropolis, serial_shops, shop

Action                   || total
-------------------------++-------
Melee: Hand axe          ||     5
Armor: Leather armour    ||     1
Dodge: Dodged            ||     2

Table legend: (Time is in decaauts)
 A = Elapsed time spent in this place.
 B = Non-inter-level travel time spent in this place.
 C = Inter-level travel time spent in this place.
 D = Time resting spent in this place.
 E = Time spent auto-exploring this place.
 F = Levels seen in this place.
 G = Mean time per level.
                   A        B        C        D        E       F      G
               +--------+--------+--------+--------+--------+-----+--------+
         Total |     39 |     39 |      0 |      0 |     30 |   1 |   39.0 |
       Dungeon |     39 |     39 |      0 |      0 |     30 |   1 |   39.0 |
               +--------+--------+--------+--------+--------+-----+--------+

Top non-repeatable levels by time:
     D:1: 39 daAuts
